 Dungeon Crawl Stone Soup version 0.28-a0-773-g130ae17fe5 (webtiles) character file.

Game seed: 8803053473689482954

134 ders the Skirmisher (level 5, -1/34 HPs)
             Began as a Gargoyle Fighter on Nov 1, 2021.
             Slain by a phantom (6 damage)
             ... on level 3 of the Dungeon.
             The game lasted 00:03:21 (2264 turns).

ders the Skirmisher (Gargoyle Fighter)              Turns: 2264, Time: 00:03:22

Health: -1/34      AC: 10    Str: 20    XL:     5   Next: 17%
Magic:  5/5        EV:  9    Int:  9    God:
Gold:   163        SH:  4    Dex:  9    Spells: 4/4 levels left

rFire   . . .      SeeInvis .   a - +0 flail
rCold   . . .      Faith    .   c - +0 buckler
rNeg    + . .      Spirit   .   b - +0 scale mail
rPois   ∞          Reflect  .   (no helmet)
rElec   +          Harm     .   (no cloak)
rCorr   .          Rampage  .   (no gloves)
Will    .....                   (no boots)
Stlth   ..........              (no amulet)
HPRegen 0.11/turn               (no ring)
MPRegen 0.09/turn               (no ring)

@: mighty
A: sickness immunity, AC +4, negative energy resistance 1, electricity
resistance, torment resistance 1, petrification resistance
a: no special abilities


You were on level 3 of the Dungeon.
You visited 1 branch of the dungeon, and saw 4 of its levels.

You collected 163 gold pieces.

Inventory:

Hand Weapons
 a - a +0 flail (weapon)
Missiles
 n - a throwing net (quivered)
Armour
 b - a +0 scale mail (worn)
 c - a +0 buckler (worn)
Jewellery
 g - a ring of protection from cold
Wands
 k - a wand of iceblast (5)
Scrolls
 e - a scroll of torment {unknown}
 f - a scroll of identify {unknown}
 h - a scroll of immolation {unknown}
 j - a scroll of enchant armour {unknown}
 l - a scroll of fear {unknown}
Potions
 i - a potion of curing {unknown}
 m - a potion of attraction {unknown}
 o - a potion of cancellation {unknown}


   Skills:
 * Level 4.9 Fighting
 * Level 3.8 Maces & Flails
 - Level 3.3 Armour
 - Level 3.3 Shields


You had 4 spell levels left.
You didn't know any spells.
Your spell library was empty.

Dungeon Overview and Level Annotations

Branches:
Dungeon (4/15)
 Temple: D:4-7

Altars:
Cheibriados
Uskayaw
Wu Jian

Shops:
D:3 [

Annotations:
D:3 1 runed translucent door, lawman0's ghost, amateur DjSu


Innate Abilities, Weirdness & Mutations

You are immune to sickness and miasma.
Your stone body is resilient. (AC +4)
You are immune to poison.
You resist negative energy. (rN+)
You are resistant to electric shocks. (rElec)
You are resistant to unholy torment.
You are immune to petrification.


Message History

The phantom hits you. The howler monkey hits you.
The phantom barely misses you.
You closely miss the phantom.
The phantom is heavily damaged.
The howler monkey hits you but does no damage.
The phantom closely misses you.
The howler monkey hits you but does no damage.
You hit the phantom.
The phantom is severely damaged.
The phantom hits you but does no damage.
The howler monkey hits you.
You closely miss the phantom.
The phantom is severely damaged.
The phantom barely misses you.
The howler monkey hits you but does no damage.
You closely miss the phantom.
The phantom is severely damaged.
The howler monkey barely misses you. The phantom hits you!
* * * LOW HITPOINT WARNING * * *
The phantom blinks!
You blink.
The phantom closely misses you.
The howler monkey hoots and howls with incredible vigour!
You feel very mighty all of a sudden. The howler monkey closely misses you.
Your shield and scale mail prevent you from hitting the howler monkey.
The howler monkey hits you but does no damage.
You hit the howler monkey.
The howler monkey is moderately wounded.
You block the howler monkey's attack. The howler monkey closely misses you.
You sock the howler monkey!
The howler monkey is severely wounded.
The howler monkey barely misses you. x2
You thump the howler monkey!
You kill the howler monkey!
The phantom hits you but does no damage.
You have reached level 5!
Unknown command.
You closely miss the phantom.
The phantom is heavily damaged.
The phantom hits you.
You die...

################
###..........#...# ##
#.#.....###......## ######.
#....8..._...8....# ####..)...
#..#.....)........## #.....♣♣♣.
#..#.8....÷..8.#...###..#.♣# #♣
#............W@..#......#.♣ ♣
##....8.......8........###.♣# #♣
##..................###......♣♣♣.
#...................###..##......
#.#...............###≈##..####.#.
....................#≈#.#.## #.#.
#.###.............##.≈..#..###...
#.########...........≈.......###.
...## #..>.....##.≈.##...####.


You could see a phantom.

Vanquished Creatures
  A howler monkey (D:3)
  Jessica (D:3)
  An adder (D:2)
  2 dart slugs
  An orc (D:3)
  2 endoplasms
  4 giant cockroaches
  5 goblins
  5 hobgoblins
  8 jackals
  2 kobolds
  3 quokkas
  9 ball pythons
  A bat (D:1)
  2 frilled lizards
  5 rats
52 creatures vanquished.

Vanquished Creatures (others)
  5 plants (D:2)
  5 toadstools (D:1)
10 creatures vanquished.

Grand Total: 62 creatures vanquished

Notes
Turn   | Place    | Note
-------+----------+-------------------------------------------
     0 | D:1      | ders the Gargoyle Fighter began the quest for the Orb.
     0 | D:1      | Reached XP level 1. HP: 14/14 MP: 1/1
   143 | D:1      | Reached XP level 2. HP: 19/19 MP: 2/2
   770 | D:2      | Reached XP level 3. HP: 24/24 MP: 3/3
   782 | D:2      | Reached skill level 4 in Fighting
  1533 | D:3      | Noticed Jessica
  1537 | D:3      | Killed Jessica
  1538 | D:3      | Reached XP level 4. HP: 21/30 MP: 4/4
  1835 | D:3      | Found Neb Huug's Armour Boutique.
  1945 | D:3      | Found an ornate altar of the Wu Jian Council.
  2013 | D:3      | Found a hide-covered altar of Uskayaw.
  2160 | D:3      | Found a runed translucent door.
  2161 | D:3      | Noticed lawman0's ghost (amateur DjSu)
  2196 | D:3      | Found a snail-covered altar of Cheibriados.
  2232 | D:4      | Noticed a phantom
  2264 | D:3      | Reached XP level 5. HP: 5/34 MP: 5/5
  2264 | D:3      | Slain by a phantom

Illustrated notes

Levels and vault maps discovered:
D:1:      ldierk_walled_garden, layout_rooms
D:2:      layout_rooms, serial_forest, infiniplex_forest_end_double,
          infiniplex_forest_lined_2, infiniplex_forest_clump_diagonal,
          infiniplex_forest_end_2, infiniplex_forest_end_1,
          infiniplex_forest_straight_2, infiniplex_forest_corner_2,
          infiniplex_forest_lined_ring, infiniplex_forest_clump_small,
          infiniplex_forest_clump_curved
D:3:      layout_rooms, eat_drink_and_be_merry_uskayaw,
          lemuel_coloured_pillars_altar, mainiacjoe_overflow_alcove_4,
          gammafunk_ghost_grave, serial_shops,
          nicolae_shop_temple_entry_statues_fountains, minmay_stone_trees_small,
          chequers_serial_rivers_micro_a, uniq_jessica
D:4:      layout_basic

Skill      XL: |  1  2  3 |
---------------+----------+-----
Fighting       | 4 |  4.9
Maces & Flails | 3 |  3.8
Armour         | |  3.3
Shields        | |  3.3

Action                   |  1- 3 |  4- 6 || total
-------------------------+-------+-------++-------
Melee: Flail             |   115 |    47 ||   162
  Use: Potion            |       |     1 ||     1
Armor: Scale mail        |    78 |    24 ||   102
Dodge: Dodged            |    54 |    33 ||    87
Block: Buckler           |    15 |    10 ||    25

Table legend: (Time is in decaauts)
 A = Elapsed time spent in this place.
 B = Non-inter-level travel time spent in this place.
 C = Inter-level travel time spent in this place.
 D = Time resting spent in this place.
 E = Time spent auto-exploring this place.
 F = Levels seen in this place.
 G = Mean time per level.
                   A        B        C        D        E       F      G
               +--------+--------+--------+--------+--------+-----+--------+
         Total |   2310 |   2241 |     69 |    480 |   1363 |   4 |  577.5 |
       Dungeon |   2310 |   2241 |     69 |    480 |   1363 |   4 |  577.5 |
               +--------+--------+--------+--------+--------+-----+--------+

Top non-repeatable levels by time:
     D:3: 903 daAuts
     D:2: 875 daAuts
     D:1: 524 daAuts
     D:4: 6 daAuts
